 Dungeon Crawl Stone Soup version 0.27-a0-1149-g4505690ab0 (webtiles) character file.

Game seed: 16458906081998363804

81 Lekart the Skirmisher (level 4, 0/41 HPs)
             Began as a Draconian Chaos Knight on May 13, 2021.
             Was a Plaything of Xom.
             Slain by Sigmund
             ... wielding a +0 scythe
              (5 damage)
             ... on level 2 of the Dungeon.
             The game lasted 00:03:47 (2082 turns).

Lekart the Skirmisher (Draconian Chaos Knight)      Turns: 2082, Time: 00:03:48

Health: 0/41       AC:  5    Str: 15    XL:     4   Next: 20%
Magic:  4/4        EV: 12    Int: 12    God:    Xom [..*...]
Gold:   50         SH:  0    Dex: 11    Spells: 3/3 levels left

rFire    . . .     SeeInvis .   a - +0 falchion (chaos)
rCold    . . .     Faith    .   (no shield)
rNeg     . . .     Spirit   .   (armour unavailable)
rPois    .         Reflect  .   (helmet restricted)
rElec    .         Harm     .   (no cloak)
rCorr    .         Rampage  .   (no gloves)
Will     .....                  (no boots)
Stlth    +.........             (no amulet)
HPRegen  0.13/turn              (no ring)
MPRegen  0.09/turn              (no ring)

@: brilliant
A: AC +5, unfitting armour, cold-blooded
a: Renounce Religion


You were on level 2 of the Dungeon.
You worshipped Xom.
You were a toy of Xom.
You visited 1 branch of the dungeon, and saw 3 of its levels.

You collected 50 gold pieces.

Inventory:

Hand Weapons
 a - a +0 falchion of chaos (weapon)
Jewellery
 l - a ring of see invisible
Wands
 k - a wand of acid (8)
Scrolls
 b - 2 scrolls of enchant armour {unknown}
 c - a scroll of magic mapping {unknown}
 d - a scroll of amnesia {unknown}
 e - a scroll of identify {unknown}
 g - a scroll of teleportation {unknown}
 j - a scroll of fear {unknown}
Potions
 i - 2 potions of heal wounds


   Skills:
 * Level 4.3 Fighting
 + Level 3.7 Long Blades
 + Level 1.1 Throwing
 + Level 2.4 Dodging


You had 3 spell levels left.
You didn't know any spells.
Your spell library contained the following spells:

 Spells                   Type           Power      Damage    Failure   Level
 Magic Dart               Conj           0%         1d3       32%         1
 Blink                    Tloc           N/A        N/A       45%         2
 Call Imp                 Summ           0%         N/A       45%         2
 Slow                     Hex            0%         N/A       45%         2
 Conjure Flame            Conj/Fire      0%         6-21      69%         3
 Mephitic Cloud           Conj/Pois/Air  0%         N/A       69%         3


Dungeon Overview and Level Annotations

Branches:
Dungeon (3/15)

Altars:

Annotations:
D:2 Robin, Sigmund


Innate Abilities, Weirdness & Mutations

Your plain brown scales are hard. (AC +5)
You cannot fit into any form of body armour.
You are cold-blooded and may be slowed by cold attacks.


Message History

It was a potion of brilliance.
You feel clever all of a sudden.
It was a potion of heal wounds.
You feel much better.
Xom thinks this is hilarious!
You open the door.
There is an open door here.
Sigmund appears from thin air!
Reactivating autopickup.
Sigmund says, "Don't worry, I'll kill you fast."
Throw: dart (poison)
Press: ? - help, Q - select action, (/) - cycle Shift-Dir - straight line, f - Sigmund
Aim: Sigmund, wielding a +0 scythe and wearing a +0 robe (53% to hit)
You throw a poisoned dart. The poisoned dart hits Sigmund.
Sigmund drinks a potion.
Sigmund seems to grow stronger.
Sigmund points at himself and mumbles some strange words.
Sigmund flickers and vanishes!
Deactivating autopickup; reactivate with Ctrl-A.
A giant cockroach comes into view.
A magic dart appears from out of thin air!
The magic dart hits you!
You hit the giant cockroach.
The giant cockroach is moderately wounded.
The giant cockroach bites you but does no damage.
You closely miss the giant cockroach.
The giant cockroach is moderately wounded.
The giant cockroach barely misses you.
You riposte.
You closely miss the giant cockroach.
The giant cockroach is moderately wounded.
The giant cockroach barely misses you.
You hit the giant cockroach. You freeze the giant cockroach.
The giant cockroach is severely wounded.
Something hits you!
* * * LOW HITPOINT WARNING * * *
An adder comes into view.
The giant cockroach barely misses you.
The adder hisses angrily.
You hit the giant cockroach. You burn the giant cockroach.
You kill the giant cockroach!
Something hits you.
You die...

............'(..#
###'##......###.#
##'##......# #.#
#.....###### #.#
#.(...########.#
#...........##.# #
#...........##.# S#
#...).......##.##..#
#...........##.@...#
#..........(######.#
##.........(.#
.......>.....+
###.###......#
#.#....##### #
#.#.##.# #
#...##'#####
######.......#


You could see an adder.

Vanquished Creatures
  Natasha (D:2)
  An adder (D:2)
  A worm (D:2)
  A dart slug (D:1)
  4 endoplasms
  5 giant cockroaches
  6 goblins
  5 hobgoblins
  4 jackals (D:2)
  2 quokkas (D:1)
  4 bats
  2 kobolds (D:1)
  4 rats
40 creatures vanquished.

Notes
Turn   | Place    | Note
-------+----------+-------------------------------------------
     0 | D:1      | Lekart the Draconian Chaos Knight began the quest for the
                  | Orb.
     0 | D:1      | Reached XP level 1. HP: 19/19 MP: 1/1
    78 | D:1      | XOM: divination: detect items
   229 | D:1      | Reached XP level 2. HP: 26/27 MP: 2/2
   710 | D:1      | Reached skill level 4 in Fighting
   871 | D:1      | XOM: silly message
   955 | D:1      | XOM: silly message
  1092 | D:2      | XOM: divination: detect creatures
  1157 | D:2      | XOM: silly message
  1193 | D:2      | Reached XP level 3. HP: 29/33 MP: 3/3
  1242 | D:2      | XOM: smoke on damage
  1574 | D:2      | XOM: divination: detect items
  1667 | D:2      | XOM: divination: magic mapping
  1702 | D:2      | Noticed Natasha
  1703 | D:2      | XOM: potion effect (brilliance)
  1705 | D:2      | XOM: noise
  1712 | D:2      | Killed Natasha
  1713 | D:2      | Reached XP level 4. HP: 31/40 MP: 4/4
  1964 | D:2      | XOM: noise
  1969 | D:2      | Reached skill level 1 in Throwing
  1970 | D:2      | Noticed Sigmund
  1971 | D:2      | XOM: silly message
  2014 | D:2      | Noticed Robin
  2082 | D:2      | Slain by Sigmund

Illustrated notes

Levels and vault maps discovered:
D:1:      dpeg_arrival_rhombi, layout_loops_corners
D:2:      layout_basic, basic_altar, uniq_natasha, uniq_robin, uniq_sigmund
D:3:      layout_rooms, uniq_terence

Skill      XL: |  1  2  3  4 |
---------------+-------------+-----
Fighting       | 4 |  4.3
Throwing       | 1 |  1.1
Long Blades    | |  3.7
Dodging        | |  2.4

Action                   |  1- 3 |  4- 6 || total
-------------------------+-------+-------++-------
Melee: Falchion          |    69 |    18 ||    87
       Tailslap          |    11 |     1 ||    12
Throw: Dart              |    33 |    10 ||    43
  Use: Potion            |       |     2 ||     2
 Stab: Sleeping          |     1 |       ||     1
Armor: Skin              |    35 |    12 ||    47
Dodge: Dodged            |    50 |    27 ||    77
       Rpst.: Falchion   |    20 |     9 ||    29

Table legend: (Time is in decaauts)
 A = Elapsed time spent in this place.
 B = Non-inter-level travel time spent in this place.
 C = Inter-level travel time spent in this place.
 D = Time resting spent in this place.
 E = Time spent auto-exploring this place.
 F = Levels seen in this place.
 G = Mean time per level.
                   A        B        C        D        E       F      G
               +--------+--------+--------+--------+--------+-----+--------+
         Total |   2097 |   2007 |     90 |      4 |   1644 |   3 |  699.0 |
       Dungeon |   2097 |   2007 |     90 |      4 |   1644 |   3 |  699.0 |
               +--------+--------+--------+--------+--------+-----+--------+

Top non-repeatable levels by time:
     D:1: 1025 daAuts
     D:2: 1019 daAuts
     D:3: 52 daAuts
